 Dungeon Crawl Stone Soup version 0.30-a0-341-g682706514a (webtiles) character file.

Game seed: 15055405880022242688

1 ragingrage the Slasher (level 1, -26/16 HPs)
             Began as a Mummy Gladiator on Nov 1, 2022.
             Killed by an exploding kobold (36 damage)
             ... ignited by their inner flame
             ... on level 1 of the Dungeon.
             The game lasted 00:00:16 (76 turns).

ragingrage the Slasher (Mummy Gladiator)              Turns: 76, Time: 00:00:17

Health: -26/16     AC:  4    Str: 17    XL:     1   Next: 16%
Magic:  1/1        EV: 12    Int:  7    God:
Gold:   0          SH:  0    Dex: 13    Spells: 0/0 levels left

rFire   x . .      SeeInvis .    a - +0 long sword
rCold   + . .      Faith    +    (no shield)
rNeg    + + +      Spirit   .    b - +0 leather armour
rPois   ∞          Reflect  .    c - +0 helmet
rElec   .          Harm     .    (no cloak)
rCorr   .          Rampage  .    (no gloves)
Will    .....                    (no boots)
Stlth   +.........               (no amulet)
HPRegen 0.22/turn                (no ring)
MPRegen 0.07/turn                (no ring)

@: no status effects
A: cold resistance 1, negative energy resistance 3, torment resistance 2, heat
vulnerability 1, no potions, faith
a: no special abilities


You were on level 1 of the Dungeon.
You visited 1 branch of the dungeon, and saw 1 of its levels.

Inventory:

Hand Weapons
 a - a +0 long sword (weapon)
Missiles
 d - 3 throwing nets (quivered)
 e - a javelin
Armour
 b - a +0 leather armour (worn)
 c - a +0 helmet (worn)


   Skills:
 - Level 2.0 Fighting
 + Level 2.5 Long Blades
 - Level 1.5 Throwing
 - Level 2.4 Dodging


You couldn't memorise any spells.
You didn't know any spells.
Your spell library was empty.

Dungeon Overview and Level Annotations

Branches:
Dungeon (1/15)

Altars:


Innate Abilities, Weirdness & Mutations

You are immune to poison.
Your flesh is cold resistant. (rC+)
You are immune to negative energy. (rN+++)
You are immune to unholy pain and torment.
You are vulnerable to heat. (rF-)
You do not drink.
You have a special connection with the divine. (Faith)


Message History

You are too injured to fight recklessly!
You are too injured to fight recklessly!
You are too injured to fight recklessly!
You are too injured to fight recklessly!
You are too injured to fight recklessly!
You are too injured to fight recklessly!
You are too injured to fight recklessly!
You are too injured to fight recklessly!
You are too injured to fight recklessly!
You are too injured to fight recklessly!
You are too injured to fight recklessly!
You barely miss the kobold. The kobold hits you with a +0 club.
The kobold misses you.
You closely miss the kobold. The kobold hits you but does no damage.
You barely miss the kobold. The kobold hits you with a +0 club.
You barely miss the kobold.
The frilled lizard hisses angrily.
The kobold misses you. The quokka barely misses you.
The kobold barely misses you. The kobold attacks as you move away!
The kobold barely misses you. The quokka attacks as you move away!
The quokka completely misses you.
You hit the quokka.
The quokka is almost dead.
The quokka closely misses you. The kobold closely misses you.
You can't drink.
As you read the scroll labelled XOLET PUTZA, it crumbles to dust.
The creatures around you are filled with an inner flame!
It was a scroll of immolation.
The quokka closely misses you. The kobold closely misses you.
The quokka bites you but does no damage.
You barely miss the kobold. The quokka closely misses you.
The kobold hits you but does no damage. The frilled lizard barely misses you.
You closely miss the kobold. The quokka completely misses you.
The kobold barely misses you. The frilled lizard barely misses you.
The quokka bites you.
You slash the kobold!
The kobold explodes!
The fiery explosion engulfs you!!! The fire burns you terribly!
Ouch! That really hurt!
You die...

####### ##### ##.....#
##.@r###...##.#
#.l#)J#..#..#.###
..###.###§..###.....#
.......#.....#......# ##
....................###.
........#...............
........................
.......#..#..#..........
......###...###..!......


You could see an endoplasm (inner flame), a quokka (inner flame) and a frilled
lizard (inner flame).

Vanquished Creatures
  A kobold (D:1)
  A bat (D:1)
  A rat (D:1)
3 creatures vanquished.

Notes
Turn   | Place    | Note
-------+----------+-------------------------------------------
     0 | D:1      | ragingrage the Mummy Gladiator began the quest for the Orb.
     0 | D:1      | Reached XP level 1. HP: 16/16 MP: 1/1
    76 | D:1      | Killed by an exploding kobold... ignited by their inner
                  | flame

Illustrated notes

Levels and vault maps discovered:
D:1:      zelgadis_glass_arrival_small, layout_basic,
          dreamdust_ecumenical_altar_grove, serial_glass, glass_columns_b,
          glass_columns_a, minmay_strange_pillars, minmay_strange_pillars,
          minmay_tromino_v4_c

Action                   || total
-------------------------++-------
Melee: Long sword        ||    15
  Use: Scroll            ||     1
Armor: Leather armour    ||     7
Dodge: Dodged            ||    20

Table legend: (Time is in decaauts)
 A = Elapsed time spent in this place.
 B = Non-inter-level travel time spent in this place.
 C = Inter-level travel time spent in this place.
 D = Time resting spent in this place.
 E = Time spent auto-exploring this place.
 F = Levels seen in this place.
 G = Mean time per level.
                   A        B        C        D        E       F      G
               +--------+--------+--------+--------+--------+-----+--------+
         Total |     79 |     79 |      0 |      0 |     38 |   1 |   79.0 |
       Dungeon |     79 |     79 |      0 |      0 |     38 |   1 |   79.0 |
               +--------+--------+--------+--------+--------+-----+--------+

Top non-repeatable levels by time:
     D:1: 79 daAuts
